 Dungeon Crawl Stone Soup version 0.29-a0-384-g6960b1960d (webtiles) character file.

Game seed: 2876632360557842607

183 Bruhh the Chopper (level 5, -9/45 HPs)
             Began as a Hill Orc Fighter on May 7, 2022.
             Was a Believer of Nemelex Xobeh.
             Killed by divine providence
             ... invoked by an orc priest
              (15 damage)
             ... on level 4 of the Dungeon.
             The game lasted 00:04:40 (3507 turns).

Bruhh the Chopper (Hill Orc Fighter)                Turns: 3507, Time: 00:04:41

Health: -9/45      AC:  9    Str: 21    XL:     5   Next: 62%
Magic:  5/5        EV:  9    Int:  8    God:    Nemelex Xobeh [**....]
Gold:   237        SH:  4    Dex: 10    Spells: 4/4 levels left

rFire   . . .      SeeInvis .   a - +0 war axe
rCold   . . .      Faith    .   c - +0 buckler
rNeg    . . .      Spirit   .   b - +0 scale mail
rPois   .          Reflect  .   (no helmet)
rElec   .          Harm     .   n - +0 cloak
rCorr   .          Rampage  .   w - +0 pair of gloves
Will    .....                   (no boots)
Stlth   ..........              (no amulet)
HPRegen 0.15/turn               (no ring)
MPRegen 0.09/turn               (no ring)

@: no status effects
A: no striking features
a: Renounce Religion, Convert to Beogh, Draw Escape, Draw Destruction, Draw
Summoning


You were on level 4 of the Dungeon.
You worshipped Nemelex Xobeh.
Nemelex Xobeh was pleased with you.
You visited 1 branch of the dungeon, and saw 4 of its levels.

You collected 237 gold pieces.

Inventory:

Hand Weapons
 a - a +0 war axe (weapon)
Missiles
 r - 5 curare-tipped darts (quivered)
Armour
 b - a +0 scale mail (worn)
 c - a +0 buckler (worn)
 n - a +0 cloak (worn)
 w - a +0 pair of gloves (worn)
Jewellery
 f - a +6 ring of intelligence
Scrolls
 e - 2 scrolls of amnesia {unknown}
 h - a scroll of magic mapping {unknown}
 j - 3 scrolls of identify {unknown}
 m - 2 scrolls of fear {unknown}
 p - a scroll of blinking {unknown}
 q - 2 scrolls of poison {unknown}
 t - a scroll of fog {unknown}
 u - 2 scrolls of vulnerability {unknown}
 x - a scroll of enchant weapon {unknown}
 y - a scroll of enchant armour {unknown}
Potions
 d - a potion of might
 g - a potion of attraction
 i - a potion of curing
 k - a potion of haste
 l - a potion of berserk rage
 o - a potion of degeneration {unknown}
 s - a potion of heal wounds {unknown}
 v - a potion of brilliance {unknown}
 z - a potion of mutation {unknown}
 A - 2 potions of lignification {unknown}


   Skills:
 - Level 3.6 Fighting
 + Level 7.5 Axes
 - Level 3.2 Armour
 - Level 3.2 Shields


You had 4 spell levels left.
You didn't know any spells.
Your spell library contained the following spells:

 Spells                   Type           Power      Damage    Failure   Level
 Sublimation of Blood     Necr           0%         N/A       93%         2
 Wereblood                Tmut           0%         N/A       93%         2
 Confusing Touch          Hex            0%         N/A       99%         3
 Yara's Violent Unravell  Hex/Tmut       0%         3d3       100%        5
 Enfeeble                 Hex            0%         N/A       100%        7
 Summon Hydra             Summ           0%         N/A       100%        7


Dungeon Overview and Level Annotations

Branches:
Dungeon (4/15)
 Temple: D:4-7

Altars:
Elyvilon
Nemelex Xobeh


Message History

You barely miss the orc priest.
The orc priest is severely wounded.
The orc priest hits you but does no damage.
You hit the orc priest but do no damage.
The orc priest is severely wounded.
The orc priest shouts, "Beogh is our master!
Accept the truth or die!"
An orc comes into view. It is wielding a +0 whip.
The orc priest hits you but does no damage.
The orc priest looks satisfied for a moment.
You hit the orc priest.
The orc priest is almost dead.
You block the orc priest's attack.
You hear a shout!
You barely miss the orc priest.
The orc priest is almost dead.
The orc priest hits you with a +0 whip.
You closely miss the orc priest.
The orc priest is almost dead.
The orc priest calls down the wrath of Beogh upon you.
Pain shoots through your body!
Unknown command.
You barely miss the orc priest.
The orc priest is almost dead.
The orc priest barely misses you.
You hear a shout! x2
You closely miss the orc priest.
The orc priest shouts, "Beogh is our master!
Accept the truth or die!"
The orc priest is almost dead.
The orc priest shouts, "Join the one true god or die!"
The orc priest calls down the wrath of Beogh upon you.
Pain shoots through your body!
* * * LOW HITPOINT WARNING * * *
You closely miss the orc priest.
The orc priest is almost dead.
The orc priest invokes the aid of Beogh against you.
You barely resist.
The orc priest mumbles some strange prayers to Beogh against you.
Beogh smites you!
You die...
Your body glows slightly and disappears.

..........## ##..####
...........## ##.......#
............# ###.........
............# ##...........
...........## ##.....(......
..........# ###.............
........### #...............
#.....############.#.............
##...## #...ooo@................
##.## #..#o##########.........
#.### ..##......... ##...#
#.#......... ##.#.......
#8......... #.#####....
##........# ..# #.. #........#
.## . #......... ## #..######.


You could see an orc priest and 3 orcs.

Vanquished Creatures
  A jelly (D:4)
  A hound (D:4)
  4 adders
  2 dart slugs
  An orc (D:3)
  9 ball pythons
  7 endoplasms
  3 giant cockroaches
  10 goblins
  2 hobgoblins (D:2)
  8 jackals
  6 kobolds
  5 quokkas
  5 bats
  4 frilled lizards
  8 rats
76 creatures vanquished.

Vanquished Creatures (others)
  A withered plant (D:1)
1 creature vanquished.

Grand Total: 77 creatures vanquished

Notes
Turn   | Place    | Note
-------+----------+-------------------------------------------
     0 | D:1      | Bruhh the Hill Orc Fighter began the quest for the Orb.
     0 | D:1      | Reached XP level 1. HP: 19/19 MP: 1/1
    28 | D:1      | Reached skill level 3 in Axes
    96 | D:1      | Found a faded altar of an unknown god.
   111 | D:1      | Prayed at the altar of an unknown god.
   111 | D:1      | Became a worshipper of Nemelex Xobeh the Trickster
   111 | D:1      | Reached * piety under Nemelex Xobeh
   156 | D:1      | Reached XP level 2. HP: 21/26 MP: 2/2
   164 | D:1      | Reached skill level 4 in Axes
   433 | D:1      | Reached XP level 3. HP: 31/31 MP: 3/3
   780 | D:2      | Received a gift from Nemelex Xobeh
   859 | D:2      | Reached skill level 5 in Axes
  1433 | D:2      | Reached XP level 4. HP: 39/39 MP: 4/4
  1567 | D:2      | Reached ** piety under Nemelex Xobeh
  1780 | D:3      | Found a white marble altar of Elyvilon.
  2205 | D:3      | Reached skill level 6 in Axes
  2386 | D:3      | Received a gift from Nemelex Xobeh
  2922 | D:4      | Reached XP level 5. HP: 45/45 MP: 5/5
  3100 | D:4      | Reached skill level 7 in Axes
  3106 | D:4      | Identified the +1 leather armour "Teizxid" {Drain Str-2
                  | Int+6 Dex+9}
  3507 | D:4      | Killed from afar by an orc priest

Illustrated notes

Levels and vault maps discovered:
D:1:      doesnt_arrival_eight_statues, layout_basic,
          ebering_ecumenical_altar_petrified, dreamdust_wishing_well
D:2:      layout_loops_ring
D:3:      layout_basic, mainiacjoe_overflow_tiny_flanked
D:4:      layout_cave_pods, guppyfry_early_orc_mine

Skill      XL: |  1  2  3  4  5 |
---------------+----------------+-----
Axes           | 3 4 5 6 7 |  7.5
Fighting       | |  3.6
Armour         | |  3.2
Shields        | |  3.2

Action                   |  1- 3 |  4- 6 || total
-------------------------+-------+-------++-------
Melee: War axe           |   109 |    97 ||   206
  Use: Potion            |     3 |       ||     3
Armor: Scale mail        |    59 |    38 ||    97
Dodge: Dodged            |    49 |    43 ||    92
Block: Buckler           |    32 |    25 ||    57

Table legend: (Time is in decaauts)
 A = Elapsed time spent in this place.
 B = Non-inter-level travel time spent in this place.
 C = Inter-level travel time spent in this place.
 D = Time resting spent in this place.
 E = Time spent auto-exploring this place.
 F = Levels seen in this place.
 G = Mean time per level.
                   A        B        C        D        E       F      G
               +--------+--------+--------+--------+--------+-----+--------+
         Total |   3548 |   3476 |     72 |      0 |   2925 |   4 |  887.0 |
       Dungeon |   3548 |   3476 |     72 |      0 |   2925 |   4 |  887.0 |
               +--------+--------+--------+--------+--------+-----+--------+

Top non-repeatable levels by time:
     D:3: 1215 daAuts
     D:2: 941 daAuts
     D:1: 773 daAuts
     D:4: 617 daAuts
